 Dungeon Crawl Stone Soup version 0.20.0 (webtiles) character file.

222 Llamajah the Shield-Bearer (level 6, -1/48 HPs)
             Began as a Formicid Fighter on June 19, 2017.
             Was an Initiate of Okawaru.
             Slain by zilverxoul's ghost (13 damage)
             ... on level 4 of the Dungeon.
             The game lasted 00:05:46 (1620 turns).

Llamajah the Shield-Bearer (Formicid Fighter)       Turns: 1620, Time: 00:05:47

Health: -1/48      AC: 13    Str: 28    XL:     6   Next: 19%
Magic:  6/6        EV:  6    Int:  7    God:    Okawaru [......]
Gold:   176        SH: 10    Dex: 10    Spells: 5/5 levels left

rFire    . . .     SeeInvis +   a - +0 war axe
rCold    . . .     Gourm    .   c - +0 shield
rNeg     . . .     Faith    .   h - +0 plate armour
rPois    .         Spirit   .   (helmet unavailable)
rElec    .         Reflect  .   (no cloak)
rCorr    .         Harm     .   (no gloves)
MR       .....                  (no boots)
Stlth    ..........             (no amulet)
Regen    0.2/turn               p - +1 ring of protection
MPRegen  0.1/turn               u - +5 ring of strength

@: no status effects
A: permanent stasis, dig shafts and tunnels, four strong arms, antennae 3
a: Dig, Shaft Self, Renounce Religion


You were on level 4 of the Dungeon.
You worshipped Okawaru.
Okawaru was noncommittal.
You were not hungry.

You visited 1 branch of the dungeon, and saw 4 of its levels.

You collected 176 gold pieces.

Inventory:

Hand Weapons
 a - a +0 war axe (weapon)
Armour
 c - a +0 shield (worn)
 h - a +0 plate armour (worn)
Jewellery
 p - a +1 ring of protection (left hand)
 u - a +5 ring of strength (right hand)
Scrolls
 i - 2 scrolls of identify {unknown}
 j - 3 scrolls of remove curse
 k - a scroll of fear {unknown}
 l - a scroll of recharging {unknown}
 o - a scroll of enchant armour {unknown}
 q - a scroll of amnesia {unknown}
 w - a scroll of magic mapping {unknown}
Potions
 b - a potion of haste {unknown}
 e - 2 potions of flight {unknown}
 n - a potion of invisibility {unknown}
 r - a potion of agility {unknown}
 s - 2 potions of cancellation {unknown}
 t - a potion of curing {unknown}
 v - 2 potions of lignification {unknown}
Comestibles
 f - 5 bread rations
 g - 2 royal jellies
 m - 3 meat rations


   Skills:
 + Level 4.1 Fighting
 + Level 4.0 Axes
 + Level 4.4 Armour
 + Level 0.3 Dodging
 + Level 4.6 Shields


You had 5 spell levels left.
You didn't know any spells.

Dungeon Overview and Level Annotations

Branches:
Dungeon (4/15)
 Temple: D:4-7

Altars:
Okawaru
Sif Muna

Annotations:
D:4 zilverxoul's ghost, amateur TrMo


Innate Abilities, Weirdness & Mutations

You cannot be hasted, slowed, berserked, paralysed or teleported.
You can dig through walls and to a lower floor.
Your four strong arms can wield two-handed weapons with a shield.
You have a pair of large antennae on your head. (SInv)


Message History

You closely miss zilverxoul's ghost.
Zilverxoul's ghost is lightly damaged.
Zilverxoul's ghost hits you but does no damage.
You slice zilverxoul's ghost!!
Zilverxoul's ghost is moderately damaged.
Zilverxoul's ghost hits you but does no damage.
You block zilverxoul's ghost's attack.
You closely miss zilverxoul's ghost.
Zilverxoul's ghost is moderately damaged.
Zilverxoul's ghost hits you but does no damage.
You completely miss zilverxoul's ghost.
Zilverxoul's ghost is moderately damaged.
Zilverxoul's ghost hits you but does no damage.
You hit zilverxoul's ghost.
Zilverxoul's ghost is moderately damaged.
Zilverxoul's ghost hits you!
* * * LOW HITPOINT WARNING * * *
You block zilverxoul's ghost's attack. Zilverxoul's ghost hits you!
You die...

#.######
####.##...####.
...............
#######.##........
.......>..........
#.#####.#####.....
#.....#.######....
###.###.W......#
...
.......@.......#
..
###.#..........# .
###........#
#.....#....
#.....#....
#.....# ...
#.....# .. ..#.###


You could see zilverxoul's ghost.

Vanquished Creatures
  A phantom (D:3)
  An orc priest (D:3)
  An adder (D:2)
  3 oozes
  A worm (D:2)
  4 dart slugs
  A leopard gecko (D:2)
  11 orcs (D:3)
  4 giant cockroaches
  7 goblins
  4 hobgoblins
  2 jackals (D:1)
  9 kobolds
  3 ball pythons
  3 bats
  4 frilled lizards
  6 rats
65 creatures vanquished.

Notes
Turn   | Place    | Note
-------+----------+-------------------------------------------
     0 | D:1      | Llamajah the Formicid Fighter began the quest for the Orb.
     0 | D:1      | Reached XP level 1. HP: 18/18 MP: 1/1
   152 | D:1      | Reached XP level 2. HP: 24/24 MP: 2/2
   187 | D:1      | You fall through a shaft!
   213 | D:2      | Reached XP level 3. HP: 28/30 MP: 3/3
   733 | D:2      | Reached XP level 4. HP: 37/37 MP: 4/4
  1053 | D:3      | Reached XP level 5. HP: 32/42 MP: 5/5
  1185 | D:3      | Found a deep blue altar of Sif Muna.
  1274 | D:3      | Noticed a phantom
  1295 | D:3      | Killed a phantom
  1295 | D:3      | Reached XP level 6. HP: 42/48 MP: 6/6
  1377 | D:3      | Found an iron altar of Okawaru.
  1390 | D:3      | Became a worshipper of Warmaster Okawaru
  1601 | D:4      | Noticed zilverxoul's ghost (amateur TrMo)
  1620 | D:4      | Slain by zilverxoul's ghost

Skill      XL: |  1  2  3  4  5  6 |
---------------+-------------------+-----
Shields        | 4 |  4.6
Armour         | 4 |  4.4
Fighting       | 4 |  4.1
Axes           | 3 4 |  4.0
Dodging        | |  0.3

Action                   |  1- 3 |  4- 6 || total
-------------------------+-------+-------++-------
Melee: War axe           |    87 |   125 ||   212
  Use: Potion            |       |     1 ||     1
       Scroll            |       |     1 ||     1
  Eat: Chunk             |       |     3 ||     3
Armor: Scale mail        |     1 |       ||     1
       Plate armour      |    57 |    58 ||   115
Dodge: Dodged            |    17 |    28 ||    45
Block: Shield            |    46 |    66 ||   112
